[Event "Titled Tuesday Blitz February 21 Late 2023"]
[White "Filgueira, Hernan"]
[Black "Rego, Pedro Filipe"]
[WhiteFideId "101770"]
[BlackFideId "1904310"]
[WhiteElo "2283"]
[BlackElo "2312"]
[Result "0-1"]
[Round "08"]
[TimeControl "180+2"]
[Date "2023.02.21"]
[WhiteClock "0:00:13"]
[BlackClock "0:00:06"]

1. c4 e6 2. g3 Nf6 3. Bg2 d5 4. Nf3 c5 5. cxd5 Nxd5 6. O-O Nc6 7. Nc3 Be7 8. d4 Nxc3 9. bxc3 O-O 10. e4 cxd4 11. cxd4 b6 12. Qd3 a5 13. Rd1 Bb7 14. a3 Bf6 15. Be3 Rc8 16. Rab1 Be7 17. d5 exd5 18. exd5 Nb8 19. Bxb6 Qd6 20. Bxa5 Ba6 21. Qe4 Qxa3 22. Ra1 Qb2 23. Bb6 Qxb6 24. Qxe7 Rfe8 25. Qa3 Re2 26. Nd4 Rb2 27. Qe3 h6 28. Nf5 Qxe3 29. Nxe3 Rd8 30. h4 Be2 31. Rdb1 Rxb1+ 32. Rxb1 Nd7 33. Rb2 Bd3 34. Rb3 Be2 35. Rc3 Nf6 36. Rc2 Bd3 37. Rd2 Bb5 38. f4 Kf8 39. Kf2 g6 40. Bf3 Ke7 41. g4 Bd7 42. g5 hxg5 43. hxg5 Ne8 44. Nc4 Rc8 45. Re2+ Kd8 46. Ne5 Nd6 47. Rb2 Bf5 48. Rb6 Ke7 49. Nc6+ Kd7 50. Nd4 Ra8 51. Nb5 Ra2+ 52. Kg3 Nxb5 53. Rxb5 Ra7 54. Rc5 Kd6 55. Rc3 Bd7 56. Kf2 Ra5 57. Ke3 Rb5 58. Be4 Ra5 59. Bf3 Rb5 60. Rb3 Rxb3+ 61. Ke4 Bf5+ 62. Kd4 Rxf3 0-1


[Site "https://www.chess.com"]

[Event "Titled Tuesday Blitz February 21 Late 2023"]
[White "Grycel, Kamil"]
[Black "Bhavikatti, Neil"]
[WhiteFideId "1115499"]
[BlackFideId "30935024"]
[WhiteElo "2315"]
[BlackElo "2051"]
[Result "1/2-1/2"]
[Round "08"]
[TimeControl "180+2"]
[Date "2023.02.21"]
[WhiteClock "0:00:28"]
[BlackClock "0:00:07"]

1. b3 c5 2. Bb2 Nc6 3. Nf3 d6 4. d4 cxd4 5. Nxd4 Nf6 6. g3 Bd7 7. Bg2 a6 8. c4 g6 9. Nxc6 Bxc6 10. Bxc6+ bxc6 11. Bxf6 exf6 12. Nc3 Qa5 13. Qd2 Be7 14. O-O O-O 15. Rfd1 Rfd8 16. Rac1 f5 17. Na4 Qe5 18. e3 h5 19. h4 Kg7 20. Qd4 Qxd4 21. Rxd4 Bf6 22. Rd3 Rab8 23. Rcd1 Be7 24. Kg2 Kf6 25. Kf3 Ke6 26. R1d2 d5 27. cxd5+ cxd5 28. Rc2 Rdc8 29. Rdc3 Rxc3 30. Rxc3 Rd8 31. Rc6+ Ke5 32. Rxa6 d4 33. exd4+ Rxd4 34. Ra5+ Kf6 35. Ra6+ Ke5 36. Nb6 Rd3+ 37. Ke2 Rd4 38. Nc4+ Kd5 39. Ne3+ Ke5 40. Nc4+ Kd5 41. a4 f4 42. Kf3 fxg3 43. fxg3 Rd3+ 44. Ne3+ Kd4 45. Rb6 Rxe3+ 46. Kf4 f6 47. a5 Re4+ 48. Kf3 Re5 49. a6 Ra5 50. Re6 Bc5 51. Rxf6 Ra3 52. Rxg6 Rxb3+ 53. Kg2 Kc4 54. Rg5 Ra3 55. Rxh5 Rxa6 56. Rg5 Rf6 57. Kh3 Kd4 58. h5 Bd6 59. Rg4+ Ke5 60. Rg8 Kf5 61. Kh4 Ke6 62. g4 Kf7 63. Rd8 Be7 64. g5 Rd6 65. Rxd6 Bxd6 66. Kg4 Kg7 67. Kf5 Be7 68. Kf4 Bxg5+ 69. Kxg5 Kg8 70. h6 Kh8 71. Kg6 Kg8 72. h7+ Kh8 73. Kh6 1/2-1/2


[Site "https://www.chess.com"]

[Event "Titled Tuesday Blitz February 21 Late 2023"]
[White "Deng, Henry"]
[Black "Buganca, Luiz Henrique Da Silva"]
[WhiteFideId "30965454"]
[BlackFideId "2182289"]
[WhiteElo "2168"]
[BlackElo "1920"]
[Result "0-1"]
[Round "08"]
[TimeControl "180+2"]
[Date "2023.02.21"]
[WhiteClock "0:00:30"]
[BlackClock "0:00:18"]

1. e4 c6 2. d4 d5 3. Nd2 dxe4 4. Nxe4 Nd7 5. Nf3 Ngf6 6. Bd3 Nxe4 7. Bxe4 Nf6 8. Bd3 Bg4 9. c3 e6 10. h3 Bh5 11. Bg5 Be7 12. O-O O-O 13. g4 Bg6 14. Ne5 Nd5 15. Bxe7 Qxe7 16. Bxg6 hxg6 17. Qf3 Qf6 18. Qg3 Nf4 19. Kh2 Rfd8 20. g5 Qf5 21. Rae1 c5 22. Nf3 Nd3 23. Re2 b6 24. Ne5 Nf4 25. Rd2 cxd4 26. cxd4 Rac8 27. Re1 Nh5 28. Qg4 Qf4+ 29. Qxf4 Nxf4 30. Kg3 Nd5 31. h4 Nb4 32. a3 Nc6 33. Red1 Ne7 34. Kg4 Rd5 35. Rh1 Nf5 36. f4 Rcd8 37. h5 gxh5+ 38. Rxh5 f6 39. gxf6 gxf6 40. Nf3 Kg7 41. Rdh2 Ne3+ 42. Kg3 Nf1+ 43. Kf2 Nxh2 44. Rxh2 Rh8 45. Rg2+ Kf7 46. Ke3 Rb5 47. Rc2 Rb3+ 48. Kf2 Rh3 49. Ne1 Rh2+ 50. Ng2 Kg6 51. Kg1 Rh7 52. Kf2 Kf5 53. Re2 Rhh3 54. Kg1 Rhg3 55. Kh2 Rh3+ 56. Kg1 Rbg3 57. Kf2 Rg4 58. Kg1 Rhg3 59. Kf1 Rxg2 60. Rxg2 Rxg2 61. Kxg2 Kxf4 62. d5 exd5 63. Kf2 d4 0-1


[Site "https://www.chess.com"]

[Event "Titled Tuesday Blitz February 21 Late 2023"]
[White "Smith, Garrett L"]
[Black "The_Sherman_Variation"]
[WhiteFideId "2024829"]
[WhiteElo "2047"]
[BlackElo "2501"]
[Result "0-1"]
[Round "08"]
[TimeControl "180+2"]
[Date "2023.02.21"]
[WhiteClock "0:00:11"]
[BlackClock "0:00:20"]

1. e4 b6 2. d4 Bb7 3. Bd3 e6 4. Qe2 Nc6 5. Nf3 h6 6. c3 Be7 7. Nbd2 d6 8. O-O Nf6 9. b4 a6 10. a4 O-O 11. Bb2 e5 12. b5 axb5 13. axb5 Na5 14. dxe5 dxe5 15. Nxe5 Bd6 16. Nef3 Nh5 17. g3 Re8 18. c4 Bc5 19. Rad1 Qe7 20. Nd4 Qg5 21. f4 Qd8 22. Nf3 Nf6 23. Kg2 Nxe4 24. Qc2 Qd7 25. Ne5 Rxe5 26. fxe5 Ng5+ 27. Nc6 Bxc6+ 28. bxc6 Qxc6+ 29. Be4 Nxe4 30. Rd5 Ng5 31. Qf5 Nxc4 0-1


[Site "https://www.chess.com"]

[Event "Titled Tuesday Blitz February 21 Late 2023"]
[White "Rottenwohrer Suarez, Juan"]
[Black "Prieto Aranguren, Alain"]
[WhiteFideId "32068182"]
[BlackFideId "2268906"]
[WhiteElo "2265"]
[BlackElo "2258"]
[Result "0-1"]
[Round "08"]
[TimeControl "180+2"]
[Date "2023.02.21"]
[WhiteClock "0:00:23"]
[BlackClock "0:01:17"]

1. Nf3 g6 2. g3 Bg7 3. Bg2 d6 4. O-O Nd7 5. d4 e5 6. dxe5 Nxe5 7. Nxe5 Bxe5 8. c4 Ne7 9. Nc3 O-O 10. Bh6 Re8 11. Qd2 Be6 12. Bxb7 Rb8 13. Bd5 Nxd5 14. cxd5 Bh3 15. Rfe1 Qf6 16. Rac1 Rb4 17. b3 Rd4 18. Qg5 Qh8 19. Nb5 Bf6 20. Nxd4 Bxg5 21. Bxg5 Qxd4 22. Rxc7 Rxe2 0-1


[Site "https://www.chess.com"]

[Event "Titled Tuesday Blitz February 21 Late 2023"]
[White "Matsuura, Frederico"]
[Black "Ezat, Mohamed"]
[WhiteFideId "2107848"]
[BlackFideId "10600906"]
[WhiteElo "2244"]
[BlackElo "2402"]
[Result "0-1"]
[Round "08"]
[TimeControl "180+2"]
[Date "2023.02.21"]
[WhiteClock "0:00:12"]
[BlackClock "0:00:52"]

1. d4 d6 2. e4 Nf6 3. Nc3 g6 4. Nf3 Bg7 5. h3 O-O 6. Be3 b6 7. Bc4 Bb7 8. e5 Ne8 9. e6 f5 10. h4 d5 11. Bb3 f4 12. Bc1 Qd6 13. h5 Qxe6+ 14. Kf1 c6 15. Ne2 Ba6 16. hxg6 hxg6 17. c3 Nd6 18. Bc2 Ne4 19. Bd3 Bxd3 20. Qxd3 Nd7 21. Nxf4 Qg4 22. Rh4 Qf5 23. Rh3 e5 24. dxe5 Nxe5 25. Nxe5 Bxe5 26. Rf3 Bxf4 27. Bxf4 Qh5 28. Kg1 g5 29. Bh2 g4 30. Rxf8+ Rxf8 31. Bg3 Rf7 32. Re1 Rh7 33. Kf1 Qh1+ 34. Ke2 Qxg2 35. Qe3 Nxg3+ 36. Qxg3 Re7+ 37. Kd2 Qxg3 38. fxg3 Rxe1 39. Kxe1 Kf7 40. Ke2 Kf6 41. Ke3 Ke5 0-1


[Site "https://www.chess.com"]

[Event "Titled Tuesday Blitz February 21 Late 2023"]
[White "Meunier-Pion, Jean"]
[Black "Fiorito, Francisco"]
[WhiteFideId "20685327"]
[BlackFideId "180165"]
[WhiteElo "2215"]
[BlackElo "2305"]
[Result "0-1"]
[Round "08"]
[TimeControl "180+2"]
[Date "2023.02.21"]
[WhiteClock "0:00:03"]
[BlackClock "0:01:29"]

1. e4 c5 2. Nf3 Nc6 3. Bb5 g6 4. O-O Bg7 5. Re1 Nf6 6. e5 Nd5 7. Nc3 Nc7 8. Bxc6 dxc6 9. Ne4 b6 10. Nf6+ Kf8 11. Ne4 Bg4 12. d3 Qd5 13. Bf4 Ne6 14. Bg3 Rd8 15. h3 Bxf3 16. Qxf3 h6 17. Re3 Nd4 18. Qd1 Nf5 19. Rf3 Bxe5 20. Bxe5 Qxe5 21. Ng3 Nxg3 22. fxg3 Kg7 23. Qf1 Rhf8 24. Re1 Qd4+ 25. Kh1 e6 26. c3 Qd5 27. Rf6 Qxd3 28. Qf2 Qd2 29. Re2 Qxe2 30. Rxg6+ fxg6 31. Qxe2 Rf6 32. g4 g5 33. Qe5 Rd5 34. Qc7+ Rf7 35. Qxc6 Re5 36. b4 cxb4 37. cxb4 Re1+ 38. Kh2 Re2 39. Qc3+ e5 40. a4 Re4 41. a5 Rd4 42. axb6 axb6 43. Qe3 Re7 44. Qc3 Rd6 45. b5 Rf6 46. Qb4 Ree6 47. Qe4 Rf4 48. Qd5 Rff6 49. Qe4 Re7 50. Kg3 Rf4 51. Qc6 e4 52. Qxb6 e3 53. Qd6 Rfe4 0-1


[Site "https://www.chess.com"]

[Event "Titled Tuesday Blitz February 21 Late 2023"]
[White "Drnovsek, Gal"]
[Black "Kielinkei"]
[WhiteFideId "14607077"]
[WhiteElo "2397"]
[BlackElo "2387"]
[Result "1-0"]
[Round "08"]
[TimeControl "180+2"]
[Date "2023.02.21"]
[WhiteClock "0:01:31"]
[BlackClock "0:00:08"]

1. e4 Nf6 2. e5 Nd5 3. d4 d6 4. c4 Nb6 5. exd6 exd6 6. Nc3 Be7 7. Qf3 O-O 8. Be3 Nc6 9. O-O-O Bg5 10. h4 Bxe3+ 11. fxe3 Ne7 12. e4 c6 13. Bd3 f5 14. e5 dxe5 15. dxe5 Qc7 16. Qe3 Be6 17. b3 Nd7 18. Nh3 Qxe5 19. Qxe5 Nxe5 20. Rhe1 N7g6 21. h5 Rad8 22. Bc2 Rxd1+ 23. Nxd1 Bf7 24. hxg6 Nxg6 25. Ng5 f4 26. Nf2 Rd8 27. Nfe4 Ne5 28. Nxh7 Kxh7 29. Ng5+ Kh6 30. Rxe5 Bg6 31. Re6 Kxg5 32. Rxg6+ Kh5 33. Rxg7 Re8 34. Bg6+ Kh6 35. Bxe8 Kxg7 36. Kd2 1-0


[Site "https://www.chess.com"]

[Event "Titled Tuesday Blitz February 21 Late 2023"]
[White "Berezin, Viktor"]
[Black "Haszon, David"]
[WhiteFideId "14107872"]
[BlackFideId "733610"]
[WhiteElo "2307"]
[BlackElo "2264"]
[Result "0-1"]
[Round "08"]
[TimeControl "180+2"]
[Date "2023.02.21"]
[WhiteClock "0:00:02"]
[BlackClock "0:00:19"]

1. d4 Nf6 2. Nf3 g6 3. g3 Bg7 4. Bg2 O-O 5. O-O d5 6. c4 c6 7. Nc3 Ne4 8. Qb3 Nxc3 9. Qxc3 dxc4 10. Bf4 Nd7 11. Qxc4 Nb6 12. Qc2 Bf5 13. e4 Bg4 14. Rfd1 Bxf3 15. Bxf3 Bxd4 16. Rd2 c5 17. Rad1 a5 18. Be5 Rc8 19. Qb1 Nc4 20. Rxd4 cxd4 21. Bxd4 Qc7 22. b3 Ne5 23. Be2 Nc6 24. Ba1 Rfd8 25. Bc4 Rxd1+ 26. Qxd1 Rd8 27. Qf3 e5 28. Kg2 Kg7 29. h4 h5 30. Bb2 Nd4 31. Qe3 b5 32. Bd5 Qc5 33. Qg5 Rxd5 34. exd5 Qxd5+ 35. f3 Qxf3+ 36. Kg1 Qd1+ 37. Kh2 Qc2+ 38. Kh3 Qxb2 39. Qxe5+ Kh7 40. Qf6 Kg8 41. Qd8+ Kg7 42. Qd6 Nf5 43. Qc5 Qd4 44. Qxb5 Qc3 45. Qe5+ Qxe5 0-1


[Site "https://www.chess.com"]

[Event "Titled Tuesday Blitz February 21 Late 2023"]
[White "Goncalves, Davi Sulzbacher"]
[Black "Toncheva, Nadya"]
[WhiteFideId "2154510"]
[BlackFideId "2924056"]
[WhiteElo "2282"]
[BlackElo "2295"]
[Result "1-0"]
[Round "08"]
[TimeControl "180+2"]
[Date "2023.02.21"]
[WhiteClock "0:00:12"]
[BlackClock "0:00:01"]

1. Nf3 c5 2. e4 Nc6 3. Bb5 Qb6 4. Nc3 e6 5. O-O a6 6. Bd3 Nf6 7. Re1 Be7 8. e5 Nd5 9. Nxd5 exd5 10. c3 O-O 11. Bc2 d6 12. d4 dxe5 13. dxe5 Be6 14. Qd3 g6 15. Bg5 Bxg5 16. Nxg5 Bf5 17. Qd2 Qxb2 18. Rac1 d4 19. Ne4 Bxe4 20. Rxe4 d3 21. Qh6 dxc2 22. Rh4 Rfe8 23. Re1 Qxc3 24. Qxh7+ Kf8 25. Qh8+ Ke7 26. Qf6+ Kd7 27. e6+ Rxe6 28. Qxc3 Rae8 29. Rf1 Nd4 30. Rxd4+ cxd4 31. Qxc2 Rc6 32. Qa4 Re4 33. f3 Re2 34. Qxd4+ Kc8 35. Rd1 Kb8 36. Qd8+ Ka7 37. Qd4+ Kb8 38. Qf4+ Ka7 39. h4 Rcc2 40. Qd4+ Kb8 41. Qf4+ Ka7 42. Qg5 Rxa2 43. Rd8 Re1+ 44. Kh2 Raa1 45. Qc5+ b6 46. Qc7# 1-0


[Site "https://www.chess.com"]

[Event "Titled Tuesday Blitz February 21 Late 2023"]
[White "Hoffmann, Asa"]
[Black "Santos Flores, Alberto"]
[WhiteFideId "2001470"]
[BlackFideId "3601234"]
[WhiteElo "2185"]
[BlackElo "2164"]
[Result "0-1"]
[Round "08"]
[TimeControl "180+2"]
[Date "2023.02.21"]
[WhiteClock "0:00:53"]
[BlackClock "0:01:10"]

1. d4 d5 2. Bg5 Nd7 3. c4 c6 4. cxd5 cxd5 5. Nc3 Ngf6 6. e3 h6 7. Bh4 e6 8. Bd3 Be7 9. f4 a6 10. Nf3 b5 11. O-O Bb7 12. Ne5 Ne4 13. Bxe7 Qxe7 14. Bxe4 dxe4 15. f5 Nxe5 16. dxe5 exf5 17. Rxf5 O-O 18. Qb3 Bc8 19. Rf4 Qxe5 20. Rxe4 Qg5 21. Rf1 Bb7 22. h4 Qg6 23. Qb4 Bxe4 24. Nxe4 Rae8 25. Rf4 Re6 26. Qd4 Rfe8 27. Nf2 Rxe3 28. Rg4 Qh7 29. Nh3 R3e4 30. Qd7 Re1+ 31. Kh2 Qb1 32. Nf4 Rh1+ 33. Kg3 Qe1+ 0-1


[Site "https://www.chess.com"]

[Event "Titled Tuesday Blitz February 21 Late 2023"]
[White "Li, Hui"]
[Black "Przybylski, Wojciech"]
[WhiteFideId "15400310"]
[BlackFideId "1117599"]
[WhiteElo "1963"]
[BlackElo "2321"]
[Result "1/2-1/2"]
[Round "08"]
[TimeControl "180+2"]
[Date "2023.02.21"]
[WhiteClock "0:00:23"]
[BlackClock "0:02:39"]

1. e4 c5 2. Nf3 e6 3. d4 cxd4 4. Nxd4 Nc6 5. Nc3 Qc7 6. Be2 a6 7. O-O Nf6 8. Be3 d6 9. a4 Be7 10. f4 O-O 11. Qe1 Bd7 12. Qg3 Nxd4 13. Bxd4 Bc6 14. Kh1 Rad8 15. a5 Rd7 16. Bd3 g6 17. f5 e5 18. Be3 d5 19. exd5 Nxd5 20. Nxd5 Bxd5 21. fxg6 fxg6 22. Bxg6 hxg6 23. Qxg6+ Kh8 24. Qh6+ Kg8 25. Qg6+ Kh8 26. Qh6+ Kg8 27. Qg6+ 1/2-1/2


[Site "https://www.chess.com"]

[Event "Titled Tuesday Blitz February 21 Late 2023"]
[White "Mikhalsky, Vladimir"]
[Black "Davidson, Kevin"]
[WhiteFideId "14144352"]
[BlackFideId "2056810"]
[WhiteElo "2219"]
[BlackElo "2154"]
[Result "1-0"]
[Round "08"]
[TimeControl "180+2"]
[Date "2023.02.21"]
[WhiteClock "0:00:16"]
[BlackClock "0:00:03"]

1. e4 c5 2. Nf3 d6 3. Bb5+ Nd7 4. O-O a6 5. Bc4 Ngf6 6. Re1 e6 7. a4 Be7 8. Nc3 O-O 9. d4 cxd4 10. Nxd4 Qc7 11. Ba2 b6 12. f3 Bb7 13. Kh1 Rac8 14. Be3 Ne5 15. Bxe6 fxe6 16. Nxe6 Qc6 17. Nxf8 Bxf8 18. Bd4 Be7 19. Qe2 Ned7 20. Nd5 Bd8 21. Ne3 Nc5 22. b3 Ne6 23. Bb2 Nf4 24. Qd2 Qc5 25. c4 a5 26. Nd5 N4xd5 27. exd5 Qb4 28. Qxb4 axb4 29. Re6 Bc7 30. Rae1 Rf8 31. Re7 Rc8 32. g4 1-0


[Site "https://www.chess.com"]

[Event "Titled Tuesday Blitz February 21 Late 2023"]
[White "Nunez V, Gustavo Eduardo"]
[Black "Sonnenschein, Philipp"]
[WhiteFideId "4403690"]
[BlackFideId "16250877"]
[WhiteElo "2212"]
[BlackElo "2224"]
[Result "0-1"]
[Round "08"]
[TimeControl "180+2"]
[Date "2023.02.21"]
[WhiteClock "0:01:58"]
[BlackClock "0:01:23"]

1. e4 c5 2. Nc3 Nc6 3. g3 g6 4. Bg2 Bg7 5. d3 Rb8 6. Be3 d6 7. Qd2 b5 8. a3 e6 9. f4 Nd4 10. Nf3 Ne7 11. O-O Nec6 12. Rab1 Nxf3+ 13. Bxf3 Nd4 14. Bg2 O-O 15. Ne2 f5 16. exf5 Nxf5 17. Bf2 Bb7 18. c3 Bxg2 19. Kxg2 Qc7 20. h3 Qc6+ 21. Kh2 e5 22. b4 Rbe8 23. bxc5 dxc5 24. c4 bxc4 25. dxc4 e4 26. Qd5+ Qxd5 27. cxd5 e3 28. Bg1 Nd4 29. Nc3 e2 30. Rfe1 Nf3+ 31. Kg2 Nxe1+ 32. Rxe1 Bxc3 33. Bf2 Bxe1 34. Bxe1 0-1


[Site "https://www.chess.com"]

[Event "Titled Tuesday Blitz February 21 Late 2023"]
[White "Vega Gutierrez, Sabrina"]
[Black "Carrasco Miranda, Andres"]
[WhiteFideId "2219026"]
[BlackFideId "3405990"]
[WhiteElo "2377"]
[BlackElo "2240"]
[Result "0-1"]
[Round "08"]
[TimeControl "180+2"]
[Date "2023.02.21"]
[WhiteClock "0:00:01"]
[BlackClock "0:00:10"]

1. e4 c5 2. Nf3 d6 3. d4 cxd4 4. Qxd4 Nc6 5. Bb5 Bd7 6. Bxc6 Bxc6 7. Nc3 Nf6 8. Bg5 e6 9. O-O-O Be7 10. Rhe1 h6 11. Bxf6 Bxf6 12. Qxd6 Qxd6 13. Rxd6 Bxc3 14. bxc3 Ke7 15. Rd4 g5 16. Ne5 Rac8 17. f3 h5 18. Red1 Kf6 19. Nxc6 Rxc6 20. Rd7 Rb8 21. R1d3 h4 22. e5+ Kg6 23. Re7 Rc5 24. Rdd7 Rxe5 25. Rxf7 Rf5 26. Rxb7 Rxf7 27. Rxb8 h3 28. Rg8+ Kf5 29. gxh3 Kf4 30. Kd2 Rh7 31. Rf8+ Ke5 32. Kd3 Rxh3 33. c4 g4 34. Ke3 gxf3 35. Rxf3 Rxh2 36. Kd3 Kd6 37. Kc3 e5 38. Rf7 Rh3+ 39. Kb4 e4 40. c5+ Ke6 41. Rf2 e3 42. Re2 Kd5 43. Kb5 Kd4 44. c6 Rh5+ 45. Ka6 Rh7 46. a3 Rc7 47. Kb5 Rh7 0-1


[Site "https://www.chess.com"]

[Event "Titled Tuesday Blitz February 21 Late 2023"]
[White "Yeritsyan, Hayk"]
[Black "Gerbelli Neto, Eduardo"]
[WhiteFideId "13307320"]
[BlackFideId "2103281"]
[WhiteElo "2241"]
[BlackElo "2114"]
[Result "1-0"]
[Round "08"]
[TimeControl "180+2"]
[Date "2023.02.21"]
[WhiteClock "0:00:06"]
[BlackClock "0:00:04"]

1. d4 d5 2. Nf3 Nf6 3. e3 Bf5 4. Bd3 e6 5. Bxf5 exf5 6. Qd3 Qc8 7. c4 c6 8. Nc3 Bb4 9. Bd2 Bxc3 10. Bxc3 Ne4 11. cxd5 cxd5 12. Bb4 Nc6 13. Ba3 Qc7 14. Rc1 f6 15. O-O Kf7 16. Qb5 Rhd8 17. Rc2 a6 18. Qd3 Rac8 19. Rfc1 Qd7 20. Nd2 Nxd2 21. Qxd2 b6 22. Qd3 b5 23. Bc5 g6 24. a4 Qb7 25. axb5 axb5 26. Qb3 Na5 27. Qa2 Nc4 28. b3 Ra8 29. Qb1 Na5 30. Bb4 Rd7 31. Rc5 Qb6 32. Qd3 Rb8 33. h3 Rbb7 34. Qc3 Ra7 35. Qd3 Rab7 36. Rc8 Rbc7 37. R8xc7 Rxc7 38. Rxc7+ Qxc7 39. Qxb5 Qc1+ 40. Kh2 Nxb3 41. Qxd5+ Kg7 42. Qxb3 Qf1 43. Qc2 Qb5 44. Bd6 g5 45. Qc7+ Kg6 46. Qc5 Qe2 47. Bg3 h5 48. h4 f4 49. exf4 gxf4 50. Bxf4 Qxf2 51. Bg3 Qe3 52. Qd5 Qd2 53. Qd6 Qe3 54. d5 Qe4 55. Qe6 Qd3 56. d6 Kg7 57. d7 1-0


[Site "https://www.chess.com"]

[Event "Titled Tuesday Blitz February 21 Late 2023"]
[White "Hajiyev, Kanan"]
[Black "Rios Escobar, Adan"]
[WhiteFideId "13404148"]
[BlackFideId "3403645"]
[WhiteElo "2197"]
[BlackElo "2234"]
[Result "0-1"]
[Round "08"]
[TimeControl "180+2"]
[Date "2023.02.21"]
[WhiteClock "0:00:13"]
[BlackClock "0:00:56"]

1. d4 Nf6 2. Nf3 g6 3. c4 Bg7 4. g3 O-O 5. Bg2 c5 6. d5 b5 7. O-O bxc4 8. d6 exd6 9. Nfd2 d5 10. Nxc4 Nc6 11. Nd6 Ba6 12. Nc3 Qe7 13. Bxd5 Nd4 14. Nc4 Nxd5 15. Nxd5 Qxe2 16. Nde3 Bxc4 17. Nxc4 Qxc4 18. Be3 Qd5 19. f3 Rfe8 20. Bf4 Re2 21. Rf2 Rae8 22. Rc1 Nxf3+ 23. Kf1 Nxh2+ 24. Kg1 Bd4 25. Kxh2 Rxf2+ 0-1


[Site "https://www.chess.com"]

[Event "Titled Tuesday Blitz February 21 Late 2023"]
[White "Kovacs, Klara"]
[Black "Bambino Filho, Antonio Carlos"]
[WhiteFideId "733210"]
[BlackFideId "2113163"]
[WhiteElo "2121"]
[BlackElo "2144"]
[Result "0-1"]
[Round "08"]
[TimeControl "180+2"]
[Date "2023.02.21"]
[WhiteClock "0:00:52"]
[BlackClock "0:00:29"]

1. d4 Nf6 2. Nf3 c5 3. d5 e6 4. c4 exd5 5. cxd5 d6 6. Nc3 g6 7. h3 Bg7 8. e4 O-O 9. Bd3 b5 10. Nxb5 Nxe4 11. O-O a6 12. Nc7 Qxc7 13. Bxe4 Nd7 14. Rb1 Re8 15. Bc2 Bb7 16. Bf4 Ne5 17. Nd2 Bxd5 18. b3 Bc6 19. Bg3 Qb7 20. f3 Bb5 21. Re1 Nd3 22. Rxe8+ Rxe8 23. Ne4 Bd4+ 24. Kh2 Rxe4 25. fxe4 Ne5 26. a4 Bc6 27. Qe2 a5 28. Rf1 Qb4 29. Qa6 Qc3 30. Qe2 Kg7 31. Kh1 Qxg3 32. Bd1 Qe3 33. Qa6 Bxe4 34. Qxa5 Qxh3# 0-1


[Site "https://www.chess.com"]

[Event "Titled Tuesday Blitz February 21 Late 2023"]
[White "Lucassen, Mickey"]
[Black "Kleiman, Jake"]
[WhiteFideId "12919110"]
[BlackFideId "2020041"]
[WhiteElo "2023"]
[BlackElo "2399"]
[Result "0-1"]
[Round "08"]
[TimeControl "180+2"]
[Date "2023.02.21"]
[WhiteClock "0:00:07"]
[BlackClock "0:00:27"]

1. e4 Nc6 2. Nf3 d6 3. d4 Bg4 4. c3 e6 5. h3 Bh5 6. Be2 Nf6 7. Nbd2 Be7 8. O-O O-O 9. Ne1 Bg6 10. Bd3 d5 11. Qe2 Re8 12. f4 dxe4 13. Nxe4 Nxe4 14. Bxe4 Bxe4 15. Qxe4 Qd5 16. Qxd5 exd5 17. Nd3 Bd6 18. Bd2 Re2 19. Rf2 Rxf2 20. Kxf2 f6 21. Re1 Kf7 22. f5 g6 23. fxg6+ hxg6 24. Nf4 Ne7 25. Nd3 g5 26. Kf3 Rh8 27. Be3 Kg6 28. Bf2 Nf5 29. Nc1 c6 30. Ne2 Kf7 31. Kg4 Kg6 32. Kf3 b6 33. Nc1 a5 34. Re6 Kf7 35. Re2 Rc8 36. Nd3 c5 37. dxc5 bxc5 38. Kg4 Kg6 39. Kf3 a4 40. a3 Kf7 41. g4 Ng7 42. Bg3 Bxg3 43. Kxg3 Ne6 44. Rd2 Rh8 45. Nf2 d4 46. cxd4 cxd4 47. Ne4 Kg6 48. Rf2 Nf4 49. Rh2 Re8 50. h4 Rxe4 51. hxg5 fxg5 0-1


[Site "https://www.chess.com"]

[Event "Titled Tuesday Blitz February 21 Late 2023"]
[White "Buscar, Michael"]
[Black "Buchenau, Frank"]
[WhiteFideId "2603616"]
[BlackFideId "4604350"]
[WhiteElo "2041"]
[BlackElo "2222"]
[Result "0-1"]
[Round "08"]
[TimeControl "180+2"]
[Date "2023.02.21"]
[WhiteClock "0:00:47"]
[BlackClock "0:01:29"]

1. d4 e6 2. c4 Nf6 3. Nc3 Bb4 4. e3 O-O 5. Bd3 c5 6. Ne2 Nc6 7. O-O d5 8. a3 cxd4 9. exd4 dxc4 10. Bxc4 Be7 11. Bd3 b6 12. Bg5 Bb7 13. Rc1 Rc8 14. Bb1 Nd5 15. Qd3 g6 16. Bh6 Re8 17. Qh3 Nxc3 18. Rxc3 Nxd4 19. Nxd4 Qxd4 20. Rg3 Ba6 21. Re1 Red8 22. Ba2 Bc4 23. Be3 Qd1 0-1


[Site "https://www.chess.com"]

[Event "Titled Tuesday Blitz February 21 Late 2023"]
[White "Stachanczyk, Jacek"]
[Black "Poeta, Caio Medeiros"]
[WhiteFideId "1116657"]
[BlackFideId "2142660"]
[WhiteElo "2147"]
[BlackElo "2088"]
[Result "0-1"]
[Round "08"]
[TimeControl "180+2"]
[Date "2023.02.21"]
[WhiteClock "0:01:46"]
[BlackClock "0:02:29"]

1. e4 c6 2. Nf3 d5 3. exd5 cxd5 4. Ne5 Nf6 5. Bb5+ Nbd7 6. d4 g6 7. O-O Bg7 8. f4 O-O 9. c3 Ne4 10. Nd2 Nxd2 11. Bxd2 Nxe5 12. fxe5 Bxe5 13. dxe5 Qb6+ 14. Rf2 Qxb5 15. Qf3 Qxb2 16. Raf1 Be6 17. Bh6 Qa3 18. Bxf8 Rxf8 19. h3 Rc8 20. Rc2 Rc6 21. Kh1 d4 22. Rfc1 Bf5 0-1


[Site "https://www.chess.com"]

[Event "Titled Tuesday Blitz February 21 Late 2023"]
[White "Kalajzic, Ivan"]
[Black "Jimenez Garcia, Emmanuel"]
[WhiteFideId "14506378"]
[BlackFideId "6504779"]
[WhiteElo "2062"]
[BlackElo "2410"]
[Result "0-1"]
[Round "08"]
[TimeControl "180+2"]
[Date "2023.02.21"]
[WhiteClock "0:00:01"]
[BlackClock "0:00:50"]

1. d4 Nf6 2. Nc3 d5 3. Bg5 Nbd7 4. e3 e6 5. f4 Be7 6. Nf3 a6 7. Bd3 c5 8. O-O b5 9. Ne5 Bb7 10. Qe1 b4 11. Nd1 c4 12. Be2 Ne4 13. Bxe7 Qxe7 14. Nf2 Nxf2 15. Qxf2 O-O 16. Qg3 f6 17. Nxd7 Qxd7 18. c3 a5 19. Bd1 a4 20. a3 bxc3 21. bxc3 Bc6 22. Bc2 Rab8 23. Rab1 Rb3 24. Bxb3 cxb3 25. Qe1 Bb5 26. Rf2 Bd3 27. Rd1 Be4 28. Qd2 Rc8 29. Qb2 Rc4 30. Rc1 Kf7 31. Rd2 Ke7 32. Kf2 Kd6 33. h3 Qf7 34. g4 h5 35. Kg3 Qg6 36. Rf2 hxg4 37. hxg4 Bf5 38. Qe2 b2 39. Qxb2 Qxg4+ 40. Kh2 Qh3+ 41. Kg1 Qg3+ 42. Kf1 Bd3+ 43. Re2 Qxe3 44. Qb8+ Ke7 45. Qb7+ Kf8 46. Re1 Qxf4+ 47. Kg1 Qg3+ 48. Kf1 Rxc3 49. Qb6 Bxe2+ 50. Rxe2 Rc1+ 0-1


[Site "https://www.chess.com"]

[Event "Titled Tuesday Blitz February 21 Late 2023"]
[White "Mendez Machado, Andre"]
[Black "Delorme, Axel"]
[WhiteFideId "6603793"]
[BlackFideId "632023"]
[WhiteElo "1974"]
[BlackElo "2483"]
[Result "0-1"]
[Round "08"]
[TimeControl "180+2"]
[Date "2023.02.21"]
[WhiteClock "0:00:08"]
[BlackClock "0:01:14"]

1. e4 c5 2. Nc3 a6 3. d4 cxd4 4. Qxd4 Nc6 5. Qe3 g6 6. Bd2 Bh6 7. Qe2 Bxd2+ 8. Qxd2 d6 9. O-O-O Nf6 10. f4 Qa5 11. Kb1 b5 12. Nd5 Nxd5 13. exd5 Qxd2 14. Rxd2 Nb8 15. Nf3 Ra7 16. b4 Rc7 17. Kb2 Nd7 18. Nd4 Nb6 19. Nc6 Bb7 20. Be2 Nxd5 21. Rxd5 Bxc6 22. Rd2 Kd7 23. Bg4+ f5 24. Be2 Bxg2 25. Bxb5+ axb5 26. Rxg2 Rc4 27. c3 Rxf4 28. Rd1 Rc8 29. Rd5 Kc6 30. Rd3 e5 31. Rh3 Rc7 32. Rd2 d5 33. Rhd3 Rd7 34. Kb3 g5 35. Rg3 g4 36. Re3 e4 37. a4 h5 38. axb5+ Kxb5 39. Ra2 Rf3 40. Ra5+ Kb6 41. Re1 Rc7 42. Rc1 d4 43. Rc5 Rxc5 44. bxc5+ Kxc5 45. Kb2 Rxc3 46. Rxc3+ dxc3+ 47. Kxc3 f4 48. Kd2 Kd4 49. Ke2 e3 50. Kf1 f3 51. Ke1 Kd3 52. Kf1 h4 53. Ke1 g3 54. Kf1 Kd2 55. Kg1 e2 56. Kh1 e1=Q# 0-1


[Site "https://www.chess.com"]